 Dungeon Crawl Stone Soup version 0.14-a0-1192-g192f278 (webtiles) character file.

82 M4edhros the Charlatan (level 3, 0/24 HPs)
             Began as an Octopode Artificer on Nov 30, 2013.
             Succumbed to poison (a potion of poison)
             ... on Level 4 of the Dungeon.
             The game lasted 00:01:11 (443 turns).

M4edhros the Charlatan (Octopode Artificer)          Turns: 443, Time: 00:01:12

HP   0/24        AC  1     Str 10      XL: 3   Next:  0%
MP   5/5         EV 12     Int 15      God:
Gold 59          SH  0     Dex 12      Spells:  0 memorised,  2 levels left

rFire  . . .     SeeInvis .     l - +2,+0 dagger (venom)
rCold  . . .     Clarity  .     (no shield)
rNeg   . . .     Conserve .     (helmet restricted)
rPois  .         rCorr    .     (no amulet)
rElec  .         rRot     .     (no ring)
SustAb . .       Spirit   .     (no ring)
rMut   .         Warding  .     (no ring)
Saprov . . .     Stasis   .     (no ring)
                                (no ring)
                                (no ring)
                                (no ring)
                                (no ring)

@: quite poisoned, not resistant to hostile enchantments, stealthy
A: almost no armour, amphibious, 8 rings, constrict 8, camouflage 1, gelatinous
body 1
a: no special abilities


You were on level 4 of the Dungeon.
You were not hungry.

You visited 1 branch of the dungeon, and saw 4 of its levels.

You collected 59 gold pieces.

Inventory:

Hand weapons
 a - a +0,+0 short sword
 l - a +2,+0 dagger of venom (weapon)
Missiles
 g - 5 tomahawks (quivered)
Magical devices
 b - a wand of flame (13)
 c - a wand of enslavement (14)
 d - a wand of random effects (14)
Comestibles
 f - 2 bread rations
 m - a meat ration
Scrolls
 e - a scroll of magic mapping {unknown}
 h - a scroll of teleportation {unknown}
 i - a scroll of curse jewellery {unknown}
 j - a scroll of fear {unknown}
 n - 3 scrolls of identify {unknown}


   Skills:
 - Level 1.0 Fighting
 - Level 1.0 Short Blades
 - Level 2.0 Dodging
 - Level 1.3 Stealth
 + Level 4.6 Evocations


You had 2 spell levels left.
You didn't know any spells.

Dungeon Overview and Level Annotations

Branches:
Dungeon (4/16)
 Temple: D:4-7

Altars:


Innate Abilities, Weirdness & Mutations

You cannot wear most types of armour.
You are amphibious.
You can wear up to eight rings at the same time.
You can use your tentacles to constrict many enemies at once.
Your skin changes colour to match your surroundings (Stlth).
Your rubbery body absorbs attacks (AC +1).


Message History

This wand has 14 charges left.
Your hound bites the phantom.
You hit the phantom but do no damage.
The phantom is heavily damaged.
The phantom hits you!
* * * LOW HITPOINT WARNING * * *
Drink which item? (? for menu, Esc to quit)
Okay, then.
Your hound bites the phantom.
Found 17 gold pieces.
You see here a rat corpse.
Your hound closely misses the phantom.
Your hound closely misses the phantom.
You see here a dagger.
The phantom blinks!
Drink which item? (? for menu, Esc to quit)
That liquid tasted very nasty...
You are poisoned.
It was a potion of poison.
* * * LOW HITPOINT WARNING * * *
You feel sick.
You die...

#.....#
#........#.[...
##...##
#........#......
#####
#######.........
##...%h<.....
#####..?...p.....
#.......%........
#.....(.ยง........
#.......).........
##...#...@........
######...........
#...?..$...
#..$.......
##..$......
#...###.. #...# .
#####


You could see a phantom and a friendly hound.

Vanquished Creatures
  A giant eyeball (D:4)
  2 giant geckos
  A bat (D:1)
  2 hobgoblins
  3 jackals (D:3)
  An ooze (D:4)
  2 goblins
  2 kobolds (D:3)
  3 rats
17 creatures vanquished.

Vanquished Creatures (collateral kills)
  A kobold (D:4)
  A rat (D:4)
2 creatures vanquished.

Grand Total: 19 creatures vanquished

Notes
Turn   | Place    | Note
--------------------------------------------------------------
     0 | D:1      | M4edhros, the Octopode Artificer, began the quest for the Orb.
     0 | D:1      | Reached XP level 1. HP: 14/14 MP: 1/1
   185 | D:2      | Reached skill level 4 in Evocations
   185 | D:2      | Reached XP level 2. HP: 19/19 MP: 3/3
   356 | D:4      | Paralysed by a giant eyeball for 2 turns
   429 | D:4      | Reached XP level 3. HP: 10/24 MP: 5/5
   430 | D:4      | Noticed a phantom
   442 | D:4      | HP: 1/24 [poison (a potion of poison)]
   443 | D:4      | Succumbed to poison (a potion of poison)

Action                   || total
-------------------------++-------
Melee: Short sword       ||     6
       Dagger            ||    32
Evoke: Wand              ||     4
  Use: Potion            ||     1
 Stab: Sleeping          ||     2
